 Dungeon Crawl Stone Soup version 0.30-a0-632-g346586fe48 (webtiles) character file.

Game seed: 2134728622332362083

128 BigDaddyOpFi the Caller (level 4, -4/18 HPs)
             Began as a Felid Summoner on Jan 13, 2023.
             Slain by a black bear (11 damage)
             ... on level 5 of the Dungeon.
             The game lasted 00:09:55 (4377 turns).

BigDaddyOpFi the Caller (Felid Summoner)            Turns: 4377, Time: 00:09:56

Health: -4/18      AC:  1    Str:  4    XL:     4   Next: 86%
Magic:  11/11      EV: 18    Int: 18    God:
Gold:   206        SH:  0    Dex: 17    Spells: 8/11 levels left
                                        Lives:  0   Deaths: 1

rFire   . . .      SeeInvis +    (weapon unavailable)
rCold   . . .      Faith    .    (shield unavailable)
rNeg    . . .      Spirit   .    (body armour unavailable)
rPois   .          Reflect  .    (helmet unavailable)
rElec   .          Harm     .    (cloak unavailable)
rCorr   .          Rampage  .    (gloves unavailable)
Will    .....                    (boots unavailable)
Stlth   ++                       (no amulet)
HPRegen 0.23/turn                (no ring)
MPRegen 0.12/turn                (no ring)

@: quick
A: very small, claws 1, fangs 3, see invisible, speed 1, shaggy fur 1, stealthy
paws, no weapons or thrown items, no armour, multi-lived
a: no special abilities


You were on level 5 of the Dungeon.
You visited 1 branch of the dungeon, and saw 5 of its levels.

You collected 206 gold pieces.

Inventory:

Jewellery
 b - the ring "Zune Duku" {+Blink rC- MP+9 EV+5}
   (You found it on level 2 of the Dungeon)

   [ring of evasion]

   EV:        It affects your evasion (+5).
   rC:        It makes you vulnerable to cold.
   MP:        It affects your magic capacity (+9).
   +Blink:    It lets you blink.
Scrolls
 d - a scroll of silence
 f - 3 scrolls of brand weapon
 g - a scroll of noise {unknown}
 i - a scroll of fear {unknown}
 j - a scroll of identify
Potions
 a - a potion of magic
 c - 2 potions of degeneration {unknown}
 e - 2 potions of curing {unknown}
 h - a potion of heal wounds {unknown}


   Skills:
 - Level 3.0 Dodging
 - Level 3.0 Stealth
 + Level 4.1 Spellcasting
 + Level 5.7 Summonings


You had 8 spell levels left.
You knew the following spells:

 Your Spells              Type           Power      Damage    Failure   Level
a - Summon Small Mammal   Summ           96%        N/A       1%          1
b - Call Imp              Summ           24%        N/A       1%          2

Your spell library contained the following spells:

 Spells                   Type           Power      Damage    Failure   Level
 Call Canine Familiar     Summ           24%        N/A       4%          3
 Summon Guardian Golem    Hex/Summ       14%        N/A       14%         3
 Dazzling Flash           Conj/Hex       6%         N/A       41%         3
 Summon Lightning Spire   Summ/Air       14%        N/A       41%         4
 Agony                    Necr           3%         N/A       99%         5
 Silence                  Hex/Air        1%         N/A       99%         5


Dungeon Overview and Level Annotations

Branches:
Dungeon (5/15)
 Temple: D:4-7

Altars:


Innate Abilities, Weirdness & Mutations

You have sharp claws.
You have razor-sharp teeth.
You have supernaturally acute eyesight. (SInv)
You cover ground quickly. (Speed+)
You are covered in fur. (AC +1)
Your paws help you pounce on unaware monsters.
You are incapable of wielding weapons or throwing items.
You cannot wear armour.
You gain extra lives every three experience levels.


Message History

As you read the scroll of teleportation, it crumbles to dust.
You feel strangely unstable. The black bear bites you!
Ouch! That really hurt!
You die...
The black bear claws you. x2; Your iron imp hits the black bear.
The black bear completely misses you. x2; The black bear barely misses you.
You are now level 4!
You rejoin the land of the living...
Found a scroll labelled NECZABA EROBI, a scroll of brand weapon and a hand axe.
Found a stone staircase leading down.
Okay, then.
Found 18 gold pieces.
You hear an angry growl.
You hear an angry growl.
g - a scroll labelled NECZABA EROBI
There are no items here.
f - 3 scrolls of brand weapon (gained 1)
You hear an angry growl.
You see here 18 gold pieces.
The black bear barely misses you. The black bear misses you.
The black bear closely misses you.
There is a stone staircase leading down here.
The black bear closely misses you. The black bear misses you.
The black bear closely misses you. x2; The black bear barely misses you.
The black bear claws you.
You climb downwards.
You hear the sound of rushing water.
There is an entrance to a sewer on this level.
Hurry and find it before the portal rusts away!
Found a scroll labelled BECEFF HIDIOCA and 11 gold pieces.
There is a stone staircase leading up here.
Okay, then.
Okay, then.
Okay, then.
Okay, then.
As you read the scroll of fog, it crumbles to dust.
The scroll dissolves into smoke.
The black bear bites you! The black bear closely misses you.
The black bear claws you. The black bear bites you!
Ouch! That really hurt!
You die...

#.## ..# .$#
# ?.#.#
##§#.#
§§§§.#
.######@####
.....§h§§§.#
..########l#


You could see a black bear (berserk).

Vanquished Creatures
  A ball python (D:4)
  A bat (D:3)
  A frilled lizard (D:1)
3 creatures vanquished.

Vanquished Creatures (collateral kills)
  A phantom (D:4)
  A necrophage (D:4)
  5 adders
  A white imp (D:3)
  3 worms
  2 dart slugs (D:1)
  7 bats
  5 endoplasms
  3 giant cockroaches
  6 goblins
  3 hobgoblins
  2 jackals (D:1)
  9 ball pythons
  4 frilled lizards
  2 kobolds (D:2)
  3 rats
57 creatures vanquished.

Grand Total: 60 creatures vanquished

Notes
Turn   | Place    | Note
-------+----------+-------------------------------------------
     0 | D:1      | BigDaddyOpFi the Felid Summoner began the quest for the
                  | Orb.
     0 | D:1      | Reached XP level 1. HP: 7/7 MP: 4/4
   497 | D:1      | Reached XP level 2. HP: 11/11 MP: 3/6
  1503 | D:2      | Reached XP level 3. HP: 14/14 MP: 4/7
  2158 | D:1      | Learned a level 2 spell: Call Imp
  2441 | D:2      | Found a faded altar of an unknown god.
  2510 | D:2      | Identified the ring "Zune Duku" {+Blink rC- MP+9 EV+5}
  2590 | D:2      | Reached XP level 4. HP: 15/18 MP: 3/9
  3079 | D:3      | Identified the +4 flail of Capital Punishment {pain,
                  | Fragile rPois Int+4 Dex+7}
  3174 | D:3      | Reached skill level 5 in Summonings
  4065 | D:4      | Noticed a necrophage
  4078 | D:4      | Killed a necrophage
  4079 | D:4      | Reached XP level 5. HP: 21/21 MP: 7/11
  4224 | D:4      | Noticed a phantom
  4259 | D:4      | Killed a phantom
  4329 | D:4      | Noticed a black bear
  4359 | D:4      | Slain by a black bear
  4360 | D:4      | Reached XP level 4. HP: -1/18 MP: 5/11
  4375 | D:5      | Entered Level 5 of the Dungeon
  4375 | D:5      | Noticed a komodo dragon
  4377 | D:5      | Slain by a black bear

Illustrated notes

Levels and vault maps discovered:
D:1:      dpeg_arrival_oval, layout_rooms
D:2:      layout_loops_ring, basic_ecumenical_altar
D:3:      layout_basic, minmay_surrounded
D:4:      layout_rooms, kennysheep_boxes
D:5:      layout_basic, mainiacjoe_overflow_small_starburst,
          minmay_temple_entry_fiery, portal_sewer_entry_f

Skill      XL: |  1  2  3  4  5 |
---------------+----------------+-----
Dodging        | 3 |  3.0
Stealth        | 3 |  3.0
Spellcasting   | 3 4 |  4.1
Summonings     | 5 |  5.7

Action                   |  1- 3 |  4- 6 || total
-------------------------+-------+-------++-------
Melee: Unarmed           |    10 |    11 ||    21
       Bite              |     1 |     3 ||     4
       Punch             |       |     1 ||     1
 Cast: Summon Small Mamm |    54 |    22 ||    76
       Call Imp          |     9 |    30 ||    39
  Use: Scroll            |     3 |     3 ||     6
Armor: Skin              |     2 |     5 ||     7
Dodge: Dodged            |    19 |    60 ||    79

Table legend: (Time is in decaauts)
 A = Elapsed time spent in this place.
 B = Non-inter-level travel time spent in this place.
 C = Inter-level travel time spent in this place.
 D = Time resting spent in this place.
 E = Time spent auto-exploring this place.
 F = Levels seen in this place.
 G = Mean time per level.
                   A        B        C        D        E       F      G
               +--------+--------+--------+--------+--------+-----+--------+
         Total |   3961 |   3901 |     60 |   1129 |   1924 |   5 |  792.2 |
       Dungeon |   3961 |   3901 |     60 |   1129 |   1924 |   5 |  792.2 |
               +--------+--------+--------+--------+--------+-----+--------+

Top non-repeatable levels by time:
     D:1: 1310 daAuts
     D:2: 1250 daAuts
     D:3: 1112 daAuts
     D:4: 287 daAuts
     D:5: 1 daAuts
